 Dungeon Crawl Stone Soup version 0.31.0-11-ge490571c62 (webtiles) character file.

Game seed: 11516755259580542898

277 qw the Ducker (level 6, -1/31 HPs)
             Began as a Spriggan Hunter on Feb 4, 2024.
             Slain by a goblin
             ... wielding a +0 dagger
              (3 damage)
             ... on level 4 of the Dungeon.
             The game lasted 00:00:11 (2997 turns).

qw the Ducker (Spriggan Hunter)                     Turns: 2997, Time: 00:00:12

Health: -1/31      AC:  2    Str:  7    XL:     6   Next: 4%
Magic:  7/7        EV: 23    Int: 10    God:
Gold:   180        SH:  0    Dex: 27    Spells: 5/5 levels left

rFire   . . .        a - +1 shortbow
rCold   . . .        (shield currently unavailable)
rNeg    . . .        c - +0 robe
rPois   .            (helmet restricted)
rElec   .            (no cloak)
rCorr   .            (gloves unavailable)
SInv    +            (boots unavailable)
Will    +....        (no amulet)
Stlth   +++          g - +6 ring of dexterity
HPRegen 0.25/turn    (no ring)
MPRegen 0.10/turn

%: no passive effects
@: very quick
A: very small, no large weapons, unfitting armour, see invisible, speed 3
a: no special abilities


You were on level 4 of the Dungeon.
You visited 1 branch of the dungeon, and saw 4 of its levels.

You collected 180 gold pieces.


Innate Abilities, Weirdness & Mutations

You are very small and have problems with some larger weapons.
You are too small for most types of armour.
You have supernaturally acute eyesight. (SInv)
You cover ground extremely quickly. (Speed+++)


   Skills:
 - Level 2.3 Fighting
 + Level 5.6 Ranged Weapons
 - Level 6.0 Dodging
 - Level 1.5 Stealth


You had 5 spell levels left.
You didn't know any spells.
Your spell library was empty.

Inventory:

Hand Weapons
 a - a +1 shortbow (weapon)
Armour
 c - a +0 robe (worn)
Jewellery
 g - a +6 ring of dexterity (left hand)
Wands
 d - a wand of roots (10)
 h - a wand of mindburst (8)
Potions
 f - a potion of mutation {unknown}

Dungeon Overview and Level Annotations

Branches:
Dungeon (4/15)
 Temple: D:4-7

Altars:


Message History

The goblin hits you but does no damage.
An orc wizard comes into view. It is wielding a +0 dagger.
You shoot an arrow. The arrow hits the orc.
The orc is heavily wounded.
You hear a shout!
The goblin misses you.
The orc wizard mumbles some strange words.
The orc wizard flickers and vanishes for a moment.
The orc barely misses you.
You shoot an arrow. The arrow hits the orc.
The orc is almost dead.
The goblin hits you with a +0 dagger. The orc completely misses you.
You shoot an arrow. The arrow hits the orc!
You kill the orc!
The goblin hits you but does no damage.
An orc comes into view. It is wielding a +0 hand axe.
The goblin misses you.
You shoot an arrow. The arrow hits the orc wizard.
The orc wizard is moderately wounded.
The goblin hits you with a +0 dagger. The orc wizard misses you.
You shoot an arrow. The arrow barely misses the orc wizard.
The goblin completely misses you. The orc wizard closely misses you.
The orc completely misses you.
You shoot an arrow. The arrow hits the orc wizard!
You kill the orc wizard!
The goblin barely misses you. The orc hits you with a +0 hand axe.
Your Dodging skill increases to level 6!
You have reached level 6!
You shoot an arrow.
The arrow hits the orc but does no damage.
The goblin misses you. The orc misses you.
You shoot an arrow. The arrow closely misses the orc.
The orc barely misses you. The goblin hits you with a +0 dagger.
You shoot an arrow. The arrow hits the orc.
The orc is almost dead.
The goblin completely misses you. The orc completely misses you.
You shoot an arrow. The arrow hits the orc.
You kill the orc!
The goblin hits you with a +0 dagger.
You die...

.. ... .. #.# #$
#.# .. ..# #|
#.# # #w #.# .#
###.##g###.###.#
......$@.......#
..#.##)#.....###
#.#....<#
.....###.#
##...# #.# ###.#
#.. #.. ..## ###
###


You could see a dart slug and a goblin.

Vanquished Creatures
  Jessica (D:3)
  Ijyb (D:3)
  Terence (D:3)
  2 orc wizards (D:4)
  Robin (D:3)
  A gnoll (D:1)
  4 adders
  2 ribbon worms (D:3)
  6 orcs
  8 endoplasms
  3 giant cockroaches (D:1)
  14 goblins
  10 hobgoblins
  5 quokkas
  10 ball pythons
  4 bats
  4 frilled lizards
  7 kobolds
  2 rats
86 creatures vanquished.

Notes
Turn   | Place    | Note
-------+----------+-------------------------------------------
     0 | D:1      | qw the Spriggan Hunter began the quest for the Orb.
     0 | D:1      | Reached XP level 1. HP: 10/10 MP: 2/2
     0 | D:1      | 0 ||| qw: Version: 0.3-a-160-g6735b56
     0 | D:1      | 0 ||| qw: Game counter: 4334
     0 | D:1      | 0 ||| qw: Melee chars always use a shield: true
     0 | D:1      | 0 ||| qw: God list: Okawaru
     0 | D:1      | 0 ||| qw: Allow faded altars: false
     0 | D:1      | 0 ||| qw: Do Orc after clearing Dungeon:15 true
     0 | D:1      | 0 ||| qw: Do second Lair branch before Depths: true
     0 | D:1      | 0 ||| qw: Lair rune preference: random
     0 | D:1      | 0 ||| qw: Goals: Normal
     0 | D:1      | 0 ||| PLANNING D:1-11
    50 | D:1      | Reached skill level 3 in Dodging
   211 | D:1      | Reached XP level 2. HP: 14/14 MP: 3/3
   247 | D:1      | Reached skill level 4 in Dodging
   556 | D:1      | Reached XP level 3. HP: 18/18 MP: 4/4
   961 | D:1      | 961 ||| READING scroll labelled YWANGEANEB.
   962 | D:1      | 962 ||| READING scroll labelled QATHETHR XUNT.
   962 | D:1      | 962 ||| IDENTIFYING bubbling orange potion
   963 | D:1      | 963 ||| READING scroll labelled SITUACL XIAWACK.
   964 | D:1      | 964 ||| DROPPING scroll of butterflies.
   965 | D:1      | 965 ||| DROPPING potion of degeneration.
  1401 | D:2      | Reached XP level 4. HP: 22/22 MP: 5/5
  1712 | D:2      | 1712 ||| DROPPING amulet of magic regeneration.
  1713 | D:2      | 1713 ||| READING scroll labelled OKAXE QOUKER.
  1714 | D:2      | 1714 ||| READING scroll labelled CESMUSK GATO ZEST.
  1714 | D:2      | 1714 ||| ENCHANTING +0 shortbow.
  1731 | D:3      | Noticed Jessica
  1732 | D:3      | 1732 ||| PLANNING SEWER
  1735 | D:3      | Killed Jessica
  1736 | D:3      | Reached skill level 5 in Dodging
  1817 | D:3      | Noticed Ijyb
  1820 | D:3      | 1820 ||| FLEEEEING.
  1821 | D:3      | 1821 ||| FLEEEEING.
  1822 | D:3      | 1822 ||| FLEEEEING.
  1823 | D:3      | 1823 ||| FLEEEEING.
  1824 | D:3      | 1824 ||| FLEEEEING.
  1825 | D:3      | 1825 ||| FLEEEEING.
  1826 | D:3      | 1826 ||| FLEEEEING.
  1833 | D:3      | Killed Ijyb
  1834 | D:3      | Reached XP level 5. HP: 14/27 MP: 6/6
  1841 | D:3      | 1841 ||| FLEEEEING.
  1842 | D:3      | 1842 ||| FLEEEEING.
  1844 | D:3      | 1844 ||| FLEEEEING.
  1845 | D:3      | 1845 ||| FLEEEEING.
  1847 | D:3      | 1847 ||| FLEEEEING.
  1848 | D:3      | 1848 ||| FLEEEEING.
  1849 | D:3      | 1849 ||| FLEEEEING.
  1851 | D:3      | 1851 ||| FLEEEEING.
  1852 | D:3      | 1852 ||| FLEEEEING.
  1854 | D:3      | 1854 ||| FLEEEEING.
  1855 | D:3      | 1855 ||| FLEEEEING.
  1856 | D:3      | 1856 ||| FLEEEEING.
  1858 | D:3      | 1858 ||| FLEEEEING.
  1863 | D:3      | 1863 ||| STAIRDANCE
  1890 | D:2      | 1890 ||| READING scroll labelled MADETE PUILU.
  2266 | D:3      | Noticed Terence
  2277 | D:3      | Killed Terence
  2359 | D:3      | Noticed Robin
  2373 | D:3      | Killed Robin
  2374 | D:3      | 2374 ||| FLEEEEING.
  2483 | D:3      | Found a glowing drain.
  2484 | D:3      | 2484 ||| UPGRADING to +6 ring of dexterity.
  2485 | D:3      | 2485 ||| READING scroll labelled NISAENGOOJO.
  2533 | D:3      | 2533 ||| RIP SEWER
  2533 | D:3      | 2533 ||| PLANNING D:1-11
  2941 | D:3      | 2941 ||| READING scroll of identify.
  2941 | D:3      | 2941 ||| IDENTIFYING viscous white potion
  2942 | D:3      | 2942 ||| DROPPING potion of lignification.
  2989 | D:4      | HP: 6/27 [goblin/+0 dagger (2)]
  2993 | D:4      | HP: 1/27 [orc/+0 hand axe (2)]
  2994 | D:4      | Reached skill level 6 in Dodging
  2994 | D:4      | Reached XP level 6. HP: 1/31 MP: 7/7
  2997 | D:4      | Slain by a goblin

Levels and vault maps discovered:
D:1:      matt_arrival_diagonals, layout_loops_corners, serial_forest,
          infiniplex_forest_corner_1, infiniplex_forest_corner_1,
          infiniplex_forest_lined_2, infiniplex_forest_corner_1,
          infiniplex_forest_end_2, minmay_misc_feat_enclosed
D:2:      minmay_wonky_spiral, layout_basic, minmay_misc_feat_hallway,
          due_unseen_surprise
D:3:      layout_loops_corners, cheibrodos_sewer_entry_bend, uniq_ijyb,
          uniq_terence, uniq_jessica, uniq_robin
D:4:      layout_loops_ring, kennysheep_little_box,
          minmay_fractal_squares_gapless_5

Skill      XL: |  1  2  3  4  5 |
---------------+----------------+-----
Dodging        | 3 4 5 6 |  6.0
Ranged Weapons | 5 |  5.6
Fighting       | 2 |  2.3
Stealth        | |  1.5

Action                     |  1- 3 |  4- 6 || total
---------------------------+-------+-------++-------
   Fire: Shortbow          |   100 |   135 ||   235
    Use: Scroll            |     3 |     5 ||     8
 Armour: Robe              |     8 |    26 ||    34
  Dodge: Dodged            |    39 |    65 ||   104

Table legend:
 A = Non-vault XP
 B = Vault XP
 C = Vault XP percentage of total XP
 D = Non-vault monster count
 E = Vault monster count
 F = Vault count percentage of total count
                 A         B        C        D         E       F
            +---------+---------+-------+---------+---------+-------
      Total |     246 |     153 |  38.3 |      68 |      18 |  20.9
            +---------+---------+-------+---------+---------+-------
        D:1 |      64 |       0 |   0.0 |      31 |       0 |   0.0
        D:2 |      38 |       3 |   7.3 |      10 |       2 |  16.7
        D:3 |      66 |     150 |  69.4 |      22 |      16 |  42.1
        D:4 |      78 |       0 |   0.0 |       5 |       0 |   0.0
            +---------+---------+-------+---------+---------+-------
